[ AOE2 MATCH · #475962575 ]
UnrankedMalay vs Vietnamese
Player's team · WIN
Rival team · LOSS
[ REPLAY ANALYSIS · EXTRACTED FROM THE RECORDED GAME ]
Feudal
10:45
Castle
13:25
Imperial
24:58
| APM avg | 24.0 |
| APM peak | 54 |
| eAPM avg | 17.8 |
| Villagers / military | 156 / 302 |
Focus
⚔️ 40.4% · 🌾 59.6%
Karambit Warrior ×270 · Battle Elephant ×13 · Trebuchet (Packed) ×7 · Bombard Cannon ×5 · Scout Cavalry ×4 · Monk ×2
Feudal
10:56
Castle
14:31
Imperial
27:33
| APM avg | 26.5 |
| APM peak | 54 |
| eAPM avg | 16.3 |
| Villagers / military | 125 / 255 |
Focus
⚔️ 26.4% · 🌾 73.6%
Fire Lancer ×245 · Bombard Cannon ×6 · Monk ×2 · Trebuchet (Packed) ×2
Match map
Initial resources + every placement click. Lines = walls · curves = elevation contours. ◆ gold · ⬟ stone · ● berries · ✦ relic · ◌ wall gap
Your base· ✓ Closed at 13:25 · 0t walls · 2 gate(s)
Cyrus's base· ✓ Closed at 14:31 · 0t walls · 2 gate(s)
Smoothed initial terrain · ◌ = detected wall gap · hover for details
Inputs per minute
— haveyoubrainschaden - - Cyrus
Build order — haveyoubrainschaden
First 150 of 483 actions detected
| 0:00 | Create | Villager (Male) |
| 0:02 | Build | House |
| 0:04 | Build | House |
| 0:08 | Create | Villager (Male) |
| 0:08 | Create | Villager (Male) |
| 0:08 | Create | Villager (Male) |
| 1:32 | Create | Villager (Male) |
| 2:00 | Create | Villager (Male) |
| 2:14 | Build | Lumber Camp |
| 2:29 | Create | Villager (Male) |
| 2:40 | Create | Villager (Male) |
| 3:36 | Create | Villager (Male) |
| 3:38 | Build | House |
| 3:58 | Create | Villager (Male) |
| 4:04 | Build | Mill |
| 4:07 | Create | Villager (Male) |
| 4:46 | Create | Villager (Male) |
| 5:17 | Create | Villager (Male) |
| 5:18 | Create | Villager (Male) |
| 5:43 | Build | House |
| 5:49 | Create | Villager (Male) |
| 6:24 | Build | House |
| 6:28 | Create | Villager (Male) |
| 6:57 | Create | Villager (Male) |
| 7:16 | Create | Villager (Male) |
| 7:36 | Create | Villager (Male) |
| 8:05 | Create | Villager (Male) |
| 8:20 | Create | Villager (Male) |
| 8:55 | Create | Villager (Male) |
| 8:55 | Research | Feudal Age |
| 9:08 | Build | Mining Camp |
| 9:24 | Build | Farm |
| 9:26 | Build | Farm |
| 9:28 | Build | Farm |
| 10:03 | Build | House |
| 10:39 | Create | Villager (Male) |
| 10:45 | Age | Feudal Age |
| 10:49 | Create | Villager (Male) |
| 10:56 | Build | Blacksmith |
| 11:00 | Build | Market |
| 11:15 | Build | Farm |
| 11:49 | Research | Castle Age |
| 12:02 | Build | Farm |
| 12:05 | Research | Horse Collar |
| 12:09 | Research | Double-Bit Axe |
| 12:17 | Build | Farm |
| 12:43 | Research | Horse Collar |
| 13:05 | Build | Barracks |
| 13:20 | Create | Villager (Male) |
| 13:25 | Age | Castle Age |
| 13:45 | Build | Monastery |
| 13:51 | Create | Villager (Male) |
| 14:02 | Create | Villager (Male) |
| 14:19 | Create | Monk |
| 14:23 | Create | Villager (Male) |
| 14:45 | Build | Town Center |
| 14:49 | Create | Villager (Male) |
| 14:58 | Build | House |
| 14:59 | Build | House |
| 15:12 | Create | Villager (Male) |
| 15:14 | Create | Monk |
| 15:38 | Create | Spearman |
| 15:40 | Create | Villager (Male) |
| 15:40 | Create | Villager (Male) |
| 15:54 | Build | Town Center |
| 16:14 | Build | House |
| 16:16 | Create | Villager (Male) |
| 16:16 | Create | Villager (Male) |
| 16:26 | Create | Villager (Male) |
| 16:33 | Build | Farm |
| 16:37 | Create | Villager (Male) |
| 17:07 | Create | Villager (Male) |
| 17:12 | Build | Farm |
| 17:14 | Build | Farm |
| 17:19 | Build | Farm |
| 17:19 | Build | Farm |
| 17:21 | Build | Farm |
| 17:22 | Build | Farm |
| 17:24 | Create | Villager (Male) |
| 17:31 | Create | Villager (Male) |
| 17:31 | Create | Villager (Male) |
| 17:54 | Create | Villager (Male) |
| 18:00 | Create | Villager (Male) |
| 18:02 | Build | Farm |
| 18:04 | Build | Farm |
| 18:08 | Build | Farm |
| 18:09 | Create | Villager (Male) |
| 18:13 | Build | Farm |
| 18:17 | Build | Farm |
| 18:17 | Build | Farm |
| 18:18 | Build | Farm |
| 18:26 | Create | Villager (Male) |
| 18:30 | Build | Farm |
| 18:32 | Create | Villager (Male) |
| 18:36 | Build | Farm |
| 18:56 | Create | Villager (Male) |
| 18:56 | Create | Villager (Male) |
| 19:01 | Create | Villager (Male) |
| 19:04 | Build | Farm |
| 19:09 | Create | Villager (Male) |
| 19:11 | Build | Farm |
| 19:13 | Build | Farm |
| 19:23 | Create | Villager (Male) |
| 19:36 | Create | Villager (Male) |
| 19:37 | Create | Villager (Male) |
| 19:47 | Build | Farm |
| 19:48 | Create | Villager (Male) |
| 19:48 | Create | Villager (Male) |
| 19:51 | Build | Farm |
| 19:53 | Build | Farm |
| 20:03 | Research | Bow Saw |
| 20:08 | Build | House |
| 20:10 | Build | House |
| 20:14 | Build | Farm |
| 20:17 | Create | Villager (Male) |
| 20:22 | Create | Villager (Male) |
| 20:29 | Create | Villager (Male) |
| 20:34 | Build | Farm |
| 20:41 | Build | Farm |
| 20:42 | Build | Farm |
| 20:47 | Create | Villager (Male) |
| 20:59 | Create | Villager (Male) |
| 21:03 | Create | Villager (Male) |
| 21:14 | Build | University |
| 21:17 | Create | Villager (Male) |
| 21:19 | Research | Wheelbarrow |
| 21:23 | Build | Farm |
| 21:27 | Build | Farm |
| 21:31 | Create | Villager (Male) |
| 21:36 | Research | Heavy Plow |
| 21:38 | Create | Villager (Male) |
| 21:49 | Build | Farm |
| 21:58 | Create | Villager (Male) |
| 21:58 | Create | Villager (Male) |
| 22:06 | Build | House |
| 22:07 | Build | House |
| 22:08 | Build | House |
| 22:14 | Build | Farm |
| 22:35 | Create | Villager (Male) |
| 22:39 | Build | Farm |
| 22:43 | Create | Villager (Male) |
| 23:04 | Research | Imperial Age |
| 23:05 | Create | Villager (Male) |
| 23:05 | Create | Villager (Male) |
| 23:09 | Build | House |
| 23:10 | Build | House |
| 23:11 | Build | House |
| 23:12 | Build | House |
| 23:13 | Build | House |
| 23:16 | Build | House |
Build order — Cyrus
First 150 of 368 actions detected
| 0:00 | Create | Villager (Male) |
| 0:01 | Create | Villager (Male) |
| 0:02 | Build | House |
| 0:03 | Build | House |
| 0:27 | Create | Villager (Male) |
| 0:27 | Create | Villager (Male) |
| 1:35 | Create | Villager (Male) |
| 1:55 | Build | Lumber Camp |
| 2:01 | Create | Villager (Male) |
| 2:01 | Create | Villager (Male) |
| 2:18 | Create | Villager (Male) |
| 2:50 | Create | Villager (Male) |
| 3:07 | Create | Villager (Male) |
| 3:36 | Create | Villager (Male) |
| 3:51 | Build | House |
| 4:10 | Create | Villager (Male) |
| 4:26 | Create | Villager (Male) |
| 4:40 | Create | Villager (Male) |
| 5:20 | Create | Villager (Male) |
| 5:34 | Create | Villager (Male) |
| 6:01 | Create | Villager (Male) |
| 6:05 | Build | House |
| 6:23 | Build | Mill |
| 6:38 | Create | Villager (Male) |
| 6:38 | Create | Villager (Male) |
| 6:38 | Create | Villager (Male) |
| 6:39 | Create | Villager (Male) |
| 6:41 | Create | Villager (Male) |
| 7:12 | Build | Farm |
| 7:16 | Build | Farm |
| 7:18 | Build | Farm |
| 7:49 | Build | Farm |
| 8:13 | Research | Feudal Age |
| 8:29 | Build | Mining Camp |
| 9:02 | Create | Villager (Male) |
| 9:03 | Create | Villager (Male) |
| 9:50 | Build | House |
| 10:56 | Age | Feudal Age |
| 10:59 | Build | Market |
| 11:02 | Build | Blacksmith |
| 11:51 | Research | Castle Age |
| 11:52 | Research | Castle Age |
| 11:55 | Research | Double-Bit Axe |
| 12:05 | Build | House |
| 12:07 | Build | House |
| 12:11 | Create | Villager (Male) |
| 12:47 | Build | House |
| 12:55 | Build | Farm |
| 13:06 | Build | Farm |
| 13:17 | Build | House |
| 13:18 | Build | House |
| 13:26 | Create | Villager (Male) |
| 14:31 | Age | Castle Age |
| 14:34 | Build | Town Center |
| 14:35 | Research | Bow Saw |
| 14:39 | Build | Monastery |
| 14:44 | Build | House |
| 14:45 | Build | House |
| 14:59 | Build | Town Center |
| 15:04 | Create | Villager (Male) |
| 15:07 | Build | Farm |
| 15:09 | Build | Farm |
| 15:18 | Build | House |
| 15:24 | Create | Monk |
| 15:29 | Build | House |
| 15:29 | Build | House |
| 15:31 | Create | Villager (Male) |
| 15:31 | Create | Villager (Male) |
| 16:10 | Create | Villager (Male) |
| 16:10 | Create | Villager (Male) |
| 16:10 | Create | Villager (Male) |
| 16:13 | Build | Farm |
| 16:15 | Build | Farm |
| 16:25 | Build | House |
| 16:26 | Build | House |
| 16:28 | Create | Villager (Male) |
| 16:28 | Create | Villager (Male) |
| 16:29 | Create | Villager (Male) |
| 16:29 | Create | Villager (Male) |
| 16:54 | Create | Monk |
| 17:03 | Create | Villager (Male) |
| 17:06 | Build | Farm |
| 17:08 | Build | Farm |
| 17:10 | Build | Farm |
| 17:18 | Build | Farm |
| 17:21 | Build | Farm |
| 17:22 | Build | Farm |
| 17:24 | Create | Villager (Male) |
| 17:24 | Create | Villager (Male) |
| 17:26 | Build | Farm |
| 17:28 | Build | Farm |
| 17:32 | Build | Farm |
| 17:34 | Create | Villager (Male) |
| 18:01 | Build | Siege Workshop |
| 18:01 | Create | Villager (Male) |
| 18:02 | Create | Villager (Male) |
| 18:02 | Create | Villager (Male) |
| 18:11 | Create | Villager (Male) |
| 18:22 | Create | Villager (Male) |
| 18:22 | Create | Villager (Male) |
| 18:24 | Create | Villager (Male) |
| 18:55 | Build | House |
| 18:56 | Build | House |
| 18:57 | Create | Villager (Male) |
| 18:57 | Create | Villager (Male) |
| 18:57 | Create | Villager (Male) |
| 18:57 | Create | Villager (Male) |
| 19:06 | Build | Mill |
| 19:07 | Build | Farm |
| 19:07 | Build | Farm |
| 19:07 | Build | Farm |
| 19:07 | Build | Farm |
| 19:09 | Create | Villager (Male) |
| 19:12 | Build | Farm |
| 19:15 | Build | Farm |
| 19:17 | Build | Farm |
| 19:27 | Build | Mining Camp |
| 19:30 | Create | Villager (Male) |
| 19:30 | Create | Villager (Male) |
| 19:38 | Build | House |
| 19:43 | Research | Wheelbarrow |
| 19:48 | Build | Farm |
| 19:53 | Create | Villager (Male) |
| 19:59 | Create | Villager (Male) |
| 20:08 | Build | Farm |
| 20:11 | Build | Farm |
| 20:17 | Build | Farm |
| 20:19 | Create | Villager (Male) |
| 20:26 | Build | House |
| 20:30 | Create | Villager (Male) |
| 20:30 | Create | Villager (Male) |
| 20:37 | Build | Farm |
| 20:43 | Build | Farm |
| 20:44 | Research | Horse Collar |
| 20:54 | Research | Gold Mining |
| 20:57 | Research | Hand Cart |
| 20:57 | Research | Hand Cart |
| 21:02 | Build | House |
| 21:04 | Create | Villager (Male) |
| 21:04 | Create | Villager (Male) |
| 21:15 | Create | Villager (Male) |
| 21:15 | Create | Villager (Male) |
| 21:16 | Create | Villager (Male) |
| 21:18 | Build | House |
| 21:22 | Build | Farm |
| 21:40 | Build | House |
| 21:41 | Build | House |
| 21:42 | Build | House |
| 21:44 | Create | Villager (Male) |
| 21:44 | Create | Villager (Male) |
Match timeline
| 10:45 | haveyoubrainschaden · age_up feudal |
| 10:56 | Cyrus · age_up feudal |
| 13:05 | haveyoubrainschaden · first_building Barracks |
| 13:25 | haveyoubrainschaden · age_up castle |
| 13:45 | haveyoubrainschaden · first_building Monastery |
| 14:31 | Cyrus · age_up castle |
| 14:39 | Cyrus · first_building Monastery |
| 17:30 | haveyoubrainschaden · first_market_buy 100 food |
| 18:01 | Cyrus · first_building Siege Workshop |
| 22:27 | haveyoubrainschaden · first_market_sell 100 wood |
| 23:24 | haveyoubrainschaden · first_building Stable |
| 23:30 | Cyrus · first_building Barracks |
| 24:27 | Cyrus · first_building Archery Range |
| 24:58 | haveyoubrainschaden · age_up imperial |
| 26:22 | haveyoubrainschaden · first_building Archery Range |
| 26:56 | haveyoubrainschaden · first_building Siege Workshop |
| 27:33 | Cyrus · age_up imperial |
| 28:00 | Cyrus · first_market_buy 100 stone |
| 28:04 | Cyrus · first_building Castle |
| 29:44 | Cyrus · first_market_sell 100 food |
| 30:00 | haveyoubrainschaden · first_building Castle |
| 38:09 | Cyrus · wall_segment Palisade Wall x1 |
| 38:11 | Cyrus · wall_segment Palisade Wall x1 |
| 44:35 | Cyrus · resign |
[ AI ANALYSIS · 1 CREDIT ]
What really happened in this match?
Wolo.gg analyzes every decision: build order, eco, micro, common mistakes by bracket. Personalized analysis on WhatsApp or Discord in 30 seconds.
Civ guide
Malay
Perfil
Jugador #1417043